ORI
CALIFORNIA STATE UNIVERSITY AT FULLERTON TITANS @ UNIVERSITY OF GEORGIA BULLDOGS
10/15/2047
 
TOP OF THE 1ST
California State University at Fullerton Titans batting - Pitching for University of Georgia Bulldogs : RHP Norbaer Oomen
Pitching: RHP Norbaer Oomen
Batting: LHB Edwin Esparza 0-0: Fly out, F6 (Popup, 6M, EV 43.8 MPH)
Batting: RHB Simon Sultzbach 0-0: Ball
1-0: Ball
2-0: Called Strike
2-1: Foul Ball, location: 2F
2-2: Foul Ball, location: 2F
2-2: Strikes out swinging
Batting: RHB Zach Warwick 0-0: Swinging Strike
0-1: Ground out 5-3 (Groundball, 56S, EV 89.4 MPH)
Top of the 1st over - 0 runs, 0 hits, 0 errors, 0 left on base; California State University at Fullerton 0 - University of Georgia 0
BOTTOM OF THE 1ST
University of Georgia Bulldogs batting - Pitching for California State University at Fullerton Titans : RHP Marco Alvarado
Pitching: RHP Marco Alvarado
Batting: RHB Nate McCormick 0-0: Called Strike
0-1: Ball
1-1: Called Strike
1-2: Foul Ball, location: 2F
1-2: Ball
2-2: Ball
3-2: Strikes out looking
Batting: LHB Dennis Klein 0-0: Ball
1-0: Called Strike
1-1: Foul Ball, location: 2F
1-2: Fly out, F7 (Flyball, 78D, EV 102.5 MPH)
Batting: LHB Casey Bass 0-0: Ball
1-0: Called Strike
1-1: Ball
2-1: Foul Ball, location: 2F
2-2: SINGLE (Flyball, 3D, EV 93.8 MPH)
Batting: LHB Luis Mejia 0-0: Ball
1-0: Ball
2-0: Foul Ball, location: 2F
2-1: Called Strike
2-2: Ball
3-2: Foul Ball, location: 2F
3-2: Ground out 1-3 (Groundball, 13S, EV 76.9 MPH)
Bottom of the 1st over - 0 runs, 1 hit, 0 errors, 1 left on base; California State University at Fullerton 0 - University of Georgia 0
TOP OF THE 2ND
California State University at Fullerton Titans batting - Pitching for University of Georgia Bulldogs : RHP Norbaer Oomen
Batting: LHB Alberto Aguilar 0-0: Ball
1-0: Fly out, F8 (Flyball, 8RM, EV 82.5 MPH)
Batting: RHB Justin Thomas 0-0: Foul Ball, location: 2F
0-1: Ball
1-1: Ball
2-1: Foul Ball, location: 2F
2-2: Foul Ball, location: 2F
2-2: Strikes out swinging
Batting: RHB Joe McKinzie 0-0: Ball
1-0: Called Strike
1-1: Swinging Strike
1-2: Ball
2-2: Strikes out swinging
Top of the 2nd over - 0 runs, 0 hits, 0 errors, 0 left on base; California State University at Fullerton 0 - University of Georgia 0
BOTTOM OF THE 2ND
University of Georgia Bulldogs batting - Pitching for California State University at Fullerton Titans : RHP Marco Alvarado
Batting: RHB Ed Howard 0-0: Called Strike
0-1: Ball
1-1: Ground out 5-3 (Groundball, 5, EV 84.4 MPH)
Batting: RHB Rich Gold 0-0: Called Strike
0-1: Ball
1-1: Ball
2-1: Foul Ball, location: 2F
2-2: Foul Ball, location: 2F
2-2: Strikes out looking
Batting: RHB Javier Alcorta 0-0: Ball
1-0: Called Strike
1-1: Foul Ball, location: 2F
1-2: Ball
2-2: Ball
3-2: Foul Ball, location: 2F
3-2: Foul Ball, location: 2F
3-2: Strikes out swinging
Bottom of the 2nd over - 0 runs, 0 hits, 0 errors, 0 left on base; California State University at Fullerton 0 - University of Georgia 0
TOP OF THE 3RD
California State University at Fullerton Titans batting - Pitching for University of Georgia Bulldogs : RHP Norbaer Oomen
Batting: SHB John Loechel 0-0: Ball
1-0: Foul Ball, location: 2F
1-1: Called Strike
1-2: Strikes out swinging, 2-3 out at first.
Batting: LHB Steve Lane 0-0: Called Strike
0-1: Ball
1-1: Called Strike
1-2: Strikes out looking
Batting: LHB Kris Zimbalist 0-0: Foul Ball, location: 2F
0-1: Called Strike
0-2: Ball
1-2: Ball
2-2: Foul Ball, location: 2F
2-2: Strikes out swinging
Top of the 3rd over - 0 runs, 0 hits, 0 errors, 0 left on base; California State University at Fullerton 0 - University of Georgia 0
BOTTOM OF THE 3RD
University of Georgia Bulldogs batting - Pitching for California State University at Fullerton Titans : RHP Marco Alvarado
Batting: RHB Albert Rodriguez 0-0: Ball
1-0: Ground out 6-3 (Groundball, 56, EV 93.8 MPH)
Batting: LHB Edwin Zavala 0-0: Ball
1-0: Called Strike
1-1: Called Strike
1-2: Ball
2-2: Strikes out swinging
Batting: RHB Nate McCormick 0-0: Ball
1-0: Called Strike
1-1: Swinging Strike
1-2: Strikes out swinging
Bottom of the 3rd over - 0 runs, 0 hits, 0 errors, 0 left on base; California State University at Fullerton 0 - University of Georgia 0
TOP OF THE 4TH
California State University at Fullerton Titans batting - Pitching for University of Georgia Bulldogs : RHP Norbaer Oomen
Batting: LHB Edwin Esparza 0-0: Ball
1-0: Foul Ball, location: 2F
1-1: Ball
2-1: Ball
3-1: Swinging Strike
3-2: Foul Ball, location: 2F
3-2: Ground out 6-3 (Groundball, 6, EV 92.5 MPH)
Batting: RHB Simon Sultzbach 0-0: Called Strike
0-1: Ball
1-1: Foul Ball, location: 2F
1-2: Foul Ball, location: 2F
1-2: Ground out 5-3 (Groundball, 56, EV 85.6 MPH)
Batting: RHB Zach Warwick 0-0: Ball
1-0: Ball
2-0: Foul Ball, location: 2F
2-1: Ball
3-1: Foul Ball, location: 2F
3-2: Foul Ball, location: 2F
3-2: Strikes out swinging
Top of the 4th over - 0 runs, 0 hits, 0 errors, 0 left on base; California State University at Fullerton 0 - University of Georgia 0
BOTTOM OF THE 4TH
University of Georgia Bulldogs batting - Pitching for California State University at Fullerton Titans : RHP Marco Alvarado
Batting: LHB Dennis Klein 0-0: Called Strike
0-1: Foul Ball, location: 2F
0-2: Ball
1-2: Ball
2-2: Ball
3-2: SINGLE (Groundball, 6MD, EV 98.1 MPH)
Batting: LHB Casey Bass 0-0: Called Strike
0-1: Fly out, F8 (Flyball, 8RM, EV 84.4 MPH)
Batting: LHB Luis Mejia 0-0: Ball
1-0: Ball
2-0: Ball
3-0: Called Strike
3-1: Foul Ball, location: 2F
3-2: Foul Ball, location: 2F
3-2: Foul Ball, location: 2F
3-2: Strikes out swinging
Batting: RHB Ed Howard 0-0: Swinging Strike
0-1: Foul Ball, location: 2F
0-2: Ball
1-2: Ball
2-2: Foul Ball, location: 2F
2-2: Strikes out looking
Bottom of the 4th over - 0 runs, 1 hit, 0 errors, 1 left on base; California State University at Fullerton 0 - University of Georgia 0
TOP OF THE 5TH
California State University at Fullerton Titans batting - Pitching for University of Georgia Bulldogs : RHP Norbaer Oomen
Batting: LHB Alberto Aguilar 0-0: Ball
1-0: Ground out 4-3 (Groundball, 4, EV 86.9 MPH)
Batting: RHB Justin Thomas 0-0: Reached via error on a dropped throw from 3B, E3 (Groundball, 5, EV 90.6 MPH)
Batting: RHB Joe McKinzie 0-0: Ball
1-0: Ball
Passed Ball!
Justin Thomas to second
2-0: Ground out U3 (Groundball, 23, EV 78.1 MPH)
Justin Thomas to third
Batting: SHB John Loechel 0-0: Called Strike
0-1: Swinging Strike
0-2: Strikes out swinging
Top of the 5th over - 0 runs, 0 hits, 1 error, 1 left on base; California State University at Fullerton 0 - University of Georgia 0
BOTTOM OF THE 5TH
University of Georgia Bulldogs batting - Pitching for California State University at Fullerton Titans : RHP Marco Alvarado
Batting: RHB Rich Gold 0-0: Called Strike
0-1: Foul Ball, location: 2F
0-2: Ball
1-2: Ball
2-2: Ground out 6-3 (Groundball, 56, EV 95.0 MPH)
Pitching: LHP Hugo Alba
Batting: RHB Javier Alcorta 0-0: Ball
1-0: Foul Ball, location: 2F
1-1: Foul Ball, location: 2F
1-2: Foul Ball, location: 2F
1-2: Strikes out swinging
Batting: RHB Albert Rodriguez 0-0: Ball
1-0: Foul Ball, location: 2F
1-1: Foul Ball, location: 2F
1-2: SINGLE (Groundball, 6MD, EV 102.5 MPH)
Batting: LHB Edwin Zavala 0-0: Ball
1-0: Ball
2-0: Called Strike
2-1: Ground out 4-3 (Groundball, 4, EV 92.5 MPH)
Bottom of the 5th over - 0 runs, 1 hit, 0 errors, 1 left on base; California State University at Fullerton 0 - University of Georgia 0
TOP OF THE 6TH
California State University at Fullerton Titans batting - Pitching for University of Georgia Bulldogs : RHP Norbaer Oomen
Batting: LHB Steve Lane 0-0: Ball
1-0: Ball
2-0: Called Strike
2-1: Fly out, F9 (Flyball, 89D, EV 91.2 MPH)
Batting: LHB Kris Zimbalist 0-0: Foul Ball, location: 2F
0-1: Foul Ball, location: 2F
0-2: Ball
1-2: Strikes out swinging
Batting: LHB Edwin Esparza 0-0: Called Strike
0-1: Ball
1-1: Foul Ball, location: 2F
1-2: Fly out, F3 (Line Drive, 3L, EV 65.0 MPH)
Top of the 6th over - 0 runs, 0 hits, 0 errors, 0 left on base; California State University at Fullerton 0 - University of Georgia 0
BOTTOM OF THE 6TH
University of Georgia Bulldogs batting - Pitching for California State University at Fullerton Titans : LHP Hugo Alba
Batting: RHB Nate McCormick 0-0: Ground out 5-3 (Groundball, 5S, EV 85.6 MPH)
Batting: LHB Dennis Klein 0-0: Called Strike
0-1: Fly out, F7 (Flyball, 7LM, EV 88.1 MPH)
Batting: LHB Casey Bass 0-0: Ball
1-0: Called Strike
1-1: Swinging Strike
1-2: Strikes out swinging
Bottom of the 6th over - 0 runs, 0 hits, 0 errors, 0 left on base; California State University at Fullerton 0 - University of Georgia 0
TOP OF THE 7TH
California State University at Fullerton Titans batting - Pitching for University of Georgia Bulldogs : RHP Norbaer Oomen
Batting: RHB Simon Sultzbach 0-0: Swinging Strike
0-1: Ball
1-1: Ground out 4-3 (Groundball, 4, EV 90.6 MPH)
Pinch Hitting: LHB B.J. Ferguson 0-0: DOUBLE (Line Drive, 5D, EV 99.4 MPH)
Pitching: LHP Vinny Segarra
Batting: LHB Alberto Aguilar 0-0: SINGLE (Groundball, 4MD, EV 105.6 MPH)
B.J. Ferguson to third
Batting: RHB Justin Thomas 0-0: Ball
1-0: Ball
2-0: Called Strike
2-1: Foul Ball, location: 2F
2-2: SINGLE (Groundball, 6MD, EV 98.1 MPH)
B.J. Ferguson scores
Alberto Aguilar to second
Batting: RHB Joe McKinzie 0-0: Ball
1-0: SINGLE (Groundball, 56S, EV 61.9 MPH) (infield hit)
Alberto Aguilar to third
Justin Thomas to second
Batting: SHB John Loechel 0-0: Grounds into fielders choice 1-2 (Groundball, P, EV 61.9 MPH)
Justin Thomas to third
Joe McKinzie to second
Batting: LHB Steve Lane 0-0: Called Strike
0-1: Foul Ball, location: 2F
0-2: Fly out, F8 (Flyball, 78D, EV 97.5 MPH)
Top of the 7th over - 1 run, 4 hits, 0 errors, 3 left on base; California State University at Fullerton 1 - University of Georgia 0
BOTTOM OF THE 7TH
University of Georgia Bulldogs batting - Pitching for California State University at Fullerton Titans : LHP Hugo Alba
Now at 1B: John Blumberg
Now at 2B: Alex Freyre
Batting: LHB Luis Mejia 0-0: Foul Ball, location: 2F
0-1: Ball
1-1: Ball
2-1: Swinging Strike
2-2: Ground out U3 (Groundball, 3L, EV 83.8 MPH)
Batting: RHB Ed Howard 0-0: Ball
1-0: SINGLE (Groundball, 56S, EV 63.1 MPH) (infield hit)
Batting: RHB Rich Gold 0-0: Called Strike
0-1: Ball
1-1: Called Strike
1-2: Foul Ball, location: 2F
1-2: Reached on error, E6 (Groundball, 6, EV 81.2 MPH)
Ed Howard to second
Batting: RHB Javier Alcorta 0-0: Ball
1-0: Called Strike
1-1: Ball
2-1: Swinging Strike
2-2: Foul Ball, location: 2F
2-2: Strikes out looking
Batting: RHB Albert Rodriguez 0-0: Ball
1-0: Ball
2-0: Called Strike
2-1: Ball
3-1: Fielders Choice at 2nd, 6-4 (Groundball, 6, EV 98.8 MPH)
Bottom of the 7th over - 0 runs, 1 hit, 1 error, 2 left on base; California State University at Fullerton 1 - University of Georgia 0
TOP OF THE 8TH
California State University at Fullerton Titans batting - Pitching for University of Georgia Bulldogs : LHP Vinny Segarra
Batting: LHB Kris Zimbalist 0-0: Ball
1-0: Foul Ball, location: 2F
1-1: Foul Ball, location: 2F
1-2: Strikes out looking
Batting: LHB Edwin Esparza 0-0: Called Strike
0-1: Foul Ball, location: 2F
0-2: Reached on error, E3 (Groundball, 34, EV 103.1 MPH)
Batting: RHB Simon Sultzbach 0-0: Intentional Walk
Batting: LHB John Blumberg 0-0: Ball
1-0: Called Strike
1-1: Ball
2-1: Ground out 5-3 (Groundball, 56, EV 87.5 MPH)
Edwin Esparza to third
Simon Sultzbach to second
Batting: LHB Alberto Aguilar 0-0: Ball
1-0: Foul Ball, location: 2F
1-1: Swinging Strike
1-2: Ball
2-2: Ball
3-2: Base on Balls
Pitching: RHP Bi`nh Heng
Batting: RHB Alex Freyre 0-0: Foul Ball, location: 2F
0-1: Foul Ball, location: 2F
0-2: Fly out, F7 (Line Drive, 78D, EV 103.8 MPH)
Top of the 8th over - 0 runs, 0 hits, 1 error, 3 left on base; California State University at Fullerton 1 - University of Georgia 0
BOTTOM OF THE 8TH
University of Georgia Bulldogs batting - Pitching for California State University at Fullerton Titans : LHP Hugo Alba
Pitching: RHP Jorge Garza
Batting: LHB Edwin Zavala 0-0: Foul Ball, location: 2F
0-1: Called Strike
0-2: Ball
1-2: Foul Ball, location: 2F
1-2: Ball
2-2: Foul Ball, location: 2F
2-2: Strikes out swinging
Batting: RHB Nate McCormick 0-0: Foul Ball, location: 2F
0-1: Foul Ball, location: 2F
0-2: Strikes out swinging
Batting: LHB Dennis Klein 0-0: Ball
1-0: Ball
2-0: Ball
3-0: Called Strike
3-1: Foul Ball, location: 2F
3-2: Foul Ball, location: 2F
3-2: Base on Balls
Batting: LHB Casey Bass 0-0: Called Strike
0-1: Ball
1-1: Ball
2-1: Ball
3-1: Called Strike
3-2: Foul Ball, location: 2F
3-2: Base on Balls
Dennis Klein to second
Batting: LHB Luis Mejia 0-0: Ball
1-0: Ball
2-0: Foul Ball, location: 2F
2-1: Ground out U3 (Groundball, 3, EV 106.9 MPH)
Bottom of the 8th over - 0 runs, 0 hits, 0 errors, 2 left on base; California State University at Fullerton 1 - University of Georgia 0
TOP OF THE 9TH
California State University at Fullerton Titans batting - Pitching for University of Georgia Bulldogs : RHP Bi`nh Heng
Batting: RHB Joe McKinzie 0-0: Swinging Strike
0-1: Swinging Strike
0-2: Strikes out swinging
Batting: SHB John Loechel 0-0: Called Strike
0-1: Ball
1-1: Foul Ball, location: 2F
1-2: Ball
2-2: Strikes out swinging
Batting: LHB Steve Lane 0-0: Called Strike
0-1: Ground out U3 (Groundball, 34S, EV 93.8 MPH)
Top of the 9th over - 0 runs, 0 hits, 0 errors, 0 left on base; California State University at Fullerton 1 - University of Georgia 0
BOTTOM OF THE 9TH
University of Georgia Bulldogs batting - Pitching for California State University at Fullerton Titans : RHP Jorge Garza
Pitching: LHP David Garcia
Batting: RHB Ed Howard 0-0: Foul Ball, location: 2F
0-1: SINGLE (Groundball, 6MD, EV 100.6 MPH)
Batting: RHB Rich Gold 0-0: Bunt missed!
0-1: Bunted foul
0-2: Foul Ball, location: 2F
0-2: Fly out, F9 (Line Drive, 89M, EV 109.4 MPH)
Batting: RHB Javier Alcorta 0-0: Swinging Strike
0-1: Fielders Choice at 2nd, 1-4 (Groundball, 15, EV 68.1 MPH)
Pinch Hitting: LHB Andy Dyer 0-0: Ball
1-0: Ball
2-0: Foul Ball, location: 2F
2-1: Ball
3-1: Fly out, F8 (Flyball, 8RM, EV 86.2 MPH)
Bottom of the 9th over - 0 runs, 1 hit, 0 errors, 1 left on base; California State University at Fullerton 1 - University of Georgia 0
Thursday, December 15th , 2022 - OOTP Baseball 23.9 Build 102